 Dungeon Crawl Stone Soup version 0.25-a0-1119-g28b6fd0c3b (webtiles) character file.

Game seed: 8754687110040244568, levelgen mode: deterministic

8 MisterFreud the Ducker (level 2, -1/20 HPs)
             Began as an Octopode Gladiator on May 18, 2020.
             Slain by a kobold
             ... wielding a +0 short sword
              (5 damage)
             ... on level 1 of the Dungeon.
             The game lasted 00:00:25 (487 turns).

MisterFreud the Ducker (Octopode Gladiator)          Turns: 487, Time: 00:00:26

Health: -1/20      AC:  1    Str: 13    XL:     2   Next: 8%
Magic:  2/2        EV: 14    Int: 10    God:
Gold:   29         SH:  0    Dex: 13    Spells: 1/1 levels left

rFire    . . .     SeeInvis .   a - +0 long sword
rCold    . . .     Gourm    .   (no shield)
rNeg     . . .     Faith    .   b - +0 hat
rPois    .         Spirit   .   (no amulet)
rElec    .         Reflect  .   (no ring)
rCorr    .         Harm     .   (no ring)
MR       .....                  (no ring)
Stlth    ++........             (no ring)
HPRegen  0.06/turn              (no ring)
MPRegen  0.08/turn              (no ring)
                                (no ring)
                                (no ring)

@: no status effects
A: almost no armour, stealthy swim, amphibious, 8 rings, constrict 8, camouflage
1, gelatinous body 1
a: no special abilities


You were on level 1 of the Dungeon.
You were not hungry.

You visited 1 branch of the dungeon, and saw 1 of its levels.

You collected 29 gold pieces.

Inventory:

Hand Weapons
 a - a +0 long sword (weapon)
Missiles
 c - 3 throwing nets (quivered)
 e - 46 stones
 f - 41 arrows
Armour
 b - a +0 hat (worn)
Scrolls
 g - a scroll of random uselessness {unknown}
 i - 3 scrolls of magic mapping {unknown}
 k - a scroll of immolation {unknown}
 l - a scroll of noise {unknown}
Potions
 h - a potion of curing {unknown}
Comestibles
 d - a ration
 j - 3 chunks of flesh


   Skills:
 + Level 2.7 Fighting
 - Level 3.0 Long Blades
 - Level 2.0 Throwing
 - Level 3.0 Dodging


You had one spell level left.
You didn't know any spells.
Your spell library was empty.

Dungeon Overview and Level Annotations

Branches:
Dungeon (1/15)

Altars:
The Shining One


Innate Abilities, Weirdness & Mutations

You cannot wear most types of armour.
You are very stealthy in the water. (Stealth+)
You are amphibious.
You can wear up to eight rings at the same time.
You can use your tentacles to constrict eight enemies at once.
Your skin changes colour to match your surroundings (Stealth+).
Your rubbery body absorbs attacks. (AC +1, EV +1)


Message History

The kobold barely misses you.
There are monsters nearby!
You hit the leopard gecko but do no damage.
The leopard gecko is severely wounded.
You constrict the leopard gecko. The leopard gecko barely misses you.
The kobold hits you with a +0 short sword.
The leopard gecko bites you.
* * * LOW HITPOINT WARNING * * *
There are monsters nearby!
You are too injured to fight recklessly!
You are too injured to fight recklessly!
There are monsters nearby!
You are too injured to fight recklessly!
You barely miss the kobold. You grab the kobold.
You squeeze the kobold, but do no damage.
You constrict the kobold. You constrict the leopard gecko.
You kill the leopard gecko!
You have reached level 2!
The kobold hits you with a +0 short sword.
You die...

#....# #......#
####.# #......#
#.# #......#
#.# #......#
#.# #......#
#.# #......#
#.#
#.(K†..######.#
#..@..........#
#.$...(########
#......#
########


You could see a kobold.

Vanquished Creatures
  A leopard gecko (D:1)
  2 goblins (D:1)
  A hobgoblin (D:1)
  A kobold (D:1)
  A frilled lizard (D:1)
6 creatures vanquished.

Notes
Turn   | Place    | Note
-------+----------+-------------------------------------------
     0 | D:1      | MisterFreud the Octopode Gladiator began the quest for the
                  | Orb.
     0 | D:1      | Reached XP level 1. HP: 14/14 MP: 1/1
   340 | D:1      | Found a glowing golden altar of the Shining One.
   487 | D:1      | Reached XP level 2. HP: 4/20 MP: 2/2
   487 | D:1      | Slain by a kobold

Illustrated notes

Levels and vault maps discovered:
D:1:      dpeg_arrival_simpleton_c, layout_basic, tso_metal_star

Action                   || total
-------------------------++-------
Melee: Long sword        ||    15
       Constrict         ||     6
       Tentacles         ||     4
Dodge: Dodged            ||     8
       Rpst.: Long sword ||     1

Table legend:
 A = Non-vault XP
 B = Vault XP
 C = Vault XP percentage of total XP
 D = Non-vault monster count
 E = Vault monster count
 F = Vault count percentage of total count
                 A         B        C        D         E       F
            +---------+---------+-------+---------+---------+-------
      Total |      12 |       0 |   0.0 |       6 |       0 |   0.0
            +---------+---------+-------+---------+---------+-------
        D:1 |      12 |       0 |   0.0 |       6 |       0 |   0.0
            +---------+---------+-------+---------+---------+-------
